 Dungeon Crawl Stone Soup version 0.13.0-6-g40e4d2d (webtiles) character file.

41896 MDvedh the Cleaver (level 13, -13/128 HPs)
             Began as a Deep Dwarf Fighter on Oct 14, 2013.
             Was the Champion of Makhleb.
             Mangled by a giant leech (21 damage)
             ... on Level 8 of the Lair of Beasts.
             The game lasted 01:05:34 (15720 turns).

MDvedh the Cleaver (Deep Dwarf Fighter)            Turns: 15720, Time: 01:05:35

HP -13/128       AC 20     Str 25 (27) XL: 13   Next: 76%
MP  21/21        EV  5     Int -3 (8)  God: Makhleb [******]
Gold 1095        SH 28     Dex 12 (14) Spells:  0 memorised, 12 levels left

Res.Fire  : + + +   See Invis. : +   C - +2,+5 orc war axe (chop)
Res.Cold  : + . .   Warding    : .   B - -2 gold dragon armour
Life Prot.: . . .   Conserve   : +   c - +0 dwarf shield (curse)
Res.Poison: +       Res.Corr.  : .   (no helmet)
Res.Elec. : +       Clarity    : .   b - -2 cloak
Sust.Abil.: . .     Spirit.Shd : .   i - +2 pair of gloves "Quaceopp" {rElec rF++ Str+3}
Res.Mut.  : .       Stasis     : .   (no boots)
Res.Rott. : .       Flight     : .   p - amulet of conservation
Saprovore : . . .                    L - +3 ring of evasion
                                     y - ring of see invisible

@: lost intelligence, non-regenerating, mildly poisoned, very slow, quite
resistant to hostile enchantments, extremely unstealthy
A: damage resistance, recharge devices, berserk 2, deterioration 1, -10% mp,
mutation resistance 1, sense surroundings 2, +10% hp, slow healing 3, AC +1, Str
-2, Dex +2
a: Device Recharging, Minor Destruction, Lesser Servant of Makhleb, Major
Destruction, Greater Servant of Makhleb, Renounce Religion


You were on level 8 of the Lair of Beasts.
You worshipped Makhleb.
Makhleb was exalted by your worship.
You were not hungry.

You visited 3 branches of the dungeon, and saw 20 of its levels.
You also visited: Labyrinth.

You collected 1284 gold pieces.
You spent 209 gold pieces at shops.

Inventory:

Hand weapons
 C - a +2,+5 orcish war axe of chopping (weapon)
Armour
 b - a -2 cloak (worn)
 c - a cursed +0 dwarven shield (worn)
 i - the +2 pair of gloves "Quaceopp" (worn) {rElec rF++ Str+3}
   (You bought it in a shop on level 7 of the Dungeon)

   It affects your strength (+3).
   It greatly protects you from fire.
   It insulates you from electricity.
 B - a -2 gold dragon armour (worn)
Magical devices
 d - a wand of heal wounds (3)
 e - a wand of frost (15) {unknown}
 k - a wand of polymorph (9)
 o - a wand of fireball (7)
 t - a wand of teleportation (3) {unknown}
 G - a wand of confusion (15) {unknown}
 J - a wand of random effects (13) {unknown}
 M - a wand of fireball (2)
 P - a wand of draining (9) {unknown}
 R - a wand of magic darts (14) {unknown}
 T - a wand of flame (12) {unknown}
Comestibles
 f - 9 bread rations
 g - 2 honeycombs
 E - 8 cheeses
 H - a choko
 I - an apple
Scrolls
 h - 3 scrolls of identify
 s - a scroll of fog
 u - a scroll of magic mapping
 v - 7 scrolls of remove curse
 z - 2 scrolls of fear
 A - 3 scrolls of amnesia
 O - 2 scrolls of teleportation
Jewellery
 n - an uncursed ring of ice
 p - an amulet of conservation (around neck)
 y - a ring of see invisible (left hand)
 K - an uncursed ring of protection from cold
 L - a +3 ring of evasion (right hand)
Potions
 a - a potion of restore abilities
 j - 2 potions of flight
 l - 2 potions of resistance
 m - a potion of agility
 q - 10 potions of curing
 r - 2 potions of might
 D - a potion of porridge
 V - 3 potions of heal wounds
Books
 w - a book of Summonings

   Spells                             Type                      Level
   Abjuration                         Summoning                    3
   Recall                             Summoning/Translocation      3
   Summon Elemental                   Summoning                    4
   Shadow Creatures                   Summoning                    5
   Summon Demon                       Summoning                    5
   Summon Ugly Thing                  Summoning                    6


   Skills:
 - Level 9.2 Fighting
 + Level 14.6 Axes
 - Level 12.5 Armour
 - Level 11.0 Shields
 - Level 12.2 Invocations


You had 12 spell levels left.
You didn't know any spells.

Dungeon Overview and Level Annotations

Branches:
Dungeon (11/27)            Temple (1/1) D:7             Orc (0/4) D:10
   Lair (8/8) D:9          Shoals (0/5) Lair:3        Snake (0/5) Lair:5
  Slime (0/6) Lair:6

Altars:
Ashenzari
Cheibriados
Elyvilon
Fedhas
Kikubaaqudgha
Makhleb
Nemelex Xobeh
Okawaru
Sif Muna
Vehumet
Xom
Yredelemnul
Zin

Shops:
D:6 [   D:7 }[+!


Innate Abilities, Weirdness & Mutations

You are resistant to damage.
You can recharge devices by infusing magical energy.
You passively map the area around you.
You do not heal naturally.
You are partially covered in icy blue scales (AC +1).
You have a somewhat thin skeletal structure (Dex +2, Stlth).
You often lose your temper in combat.
Your body is slowly deteriorating.
Your magical capacity is low (-10% MP).
You are somewhat resistant to further mutation.
You are robust (+10% HP).
You are weak. (Str -2)


Message History

Use which ability? (? or * to list)
A demon appears!
It doesn't seem very happy.
You feel somewhat more hungry. You block the lindwurm's attack.
The lindwurm claws you but does no damage.
The giant leech bites you but does no damage.
The lindwurm breathes fire at you. The blast of flame hits you! You resist.
The giant leech bites you!
* * * LOW HITPOINT WARNING * * *
The giant leech draws strength from your injuries!
Use which ability? (? or * to list)
A demon appears!
You feel somewhat more hungry. The lindwurm bites you.
* * * LOW HITPOINT WARNING * * *
The lindwurm claws you but does no damage.
The green death gestures at you. The poison arrow hits you!
You are poisoned.
You partially resist.
* * * LOW HITPOINT WARNING * * *
The giant leech bites you!
You die...

###### ##
###..2.##### ###.
*#lw@2......## ###...
#wwl####P....###....#
#ww# ####..#....###
#.. ##....##.# #$. *
####...### ## ##.
###.P...#.# # *
#......####
#...#..P.# *
#...*###...# #


You could see a green death, 2 giant leeches, 2 spiny worms, 2 lindwurms, a
brain worm and a friendly green death.

Vanquished Creatures
  A minotaur (Lab)
  A hydra (Lair:2)
  A death yak (Lair:4)
  A necromancer (Lair:3)
  3 griffons
  6 elephants (Lair:6)
  4 spiny worms (Lair:8)
  8 spiny frogs
  5 orange demons (D:9)
  Grinder (D:3)
  5 komodo dragons
  A giant leech (Lair:8)
  4 polar bears (Lair:8)
  A snapping turtle (Lair:3)
  10 blink frogs
  9 grizzly bears (Lair:8)
  2 boulder beetles
  A hill giant zombie (D:8)
  2 wyverns
  2 elephant slugs
  A hog (D:8)
  13 yaks
  4 rock worms (Lair:8)
  A neqoxec (Lair:1)
  7 hippogriffs
  The ghost of Deemzul the Insei, an average OpMo (D:4)
  14 wolves
  An agate snail zombie (Lair:3)
  A manticore (D:10)
  6 orc warriors
  9 porcupines
  4 black bears
  2 sky beasts
  2 nagas (Lair:5)
  A human (D:8)
  3 ice beasts
  4 ogres
  A giant goldfish (Lair:5)
  3 centaurs
  2 rotting devils (D:9)
  Sigmund (D:6)
  Duvessa (D:7)
  9 giant slugs
  9 water moccasins
  15 crocodiles
  15 giant frogs
  A brain worm (Lair:8)
  A big kobold (D:9)
  12 agate snails
  A gnoll sergeant (D:7)
  5 killer bees (D:7)
  7 electric eels (Lair:3)
  5 jellyfish (Lair:3)
  4 wights (D:7)
  A pulsating lump (Lair:6)
  5 crimson imps
  Dowan (D:7)
  A giant frog zombie (D:6)
  4 goliath beetles
  2 gnoll shamans (D:6)
  3 big fish (Lair:3)
  A quasit (D:9)
  10 iguanas
  2 jellies
  4 orc priests
  2 basilisk zombies (Lair:3)
  A black bear skeleton (D:7)
  2 scorpions
  8 hounds
  9 orc wizards
  6 worker ants
  3 sheep (D:8)
  Ijyb (D:2)
  A hound skeleton (D:8)
  A spectral human (D:5)
  55 green rats
  13 adders
  2 giant centipedes
  19 gnolls
  3 giant mites
  12 worms
  An electric eel skeleton (Lair:3)
  3 giant eyeballs
  An ooze (D:3)
  47 orcs
  3 ball pythons
  A bat skeleton (D:7)
  4 giant cockroaches
  10 hobgoblins
  24 kobolds
  6 quokkas
  26 bats
  9 giant geckos
  8 giant newts
  12 goblins
  31 jackals
  A quokka skeleton (D:6)
  17 rats
  2 ballistomycetes
  3 fungi
  6 plants
621 creatures vanquished.

Vanquished Creatures (collateral kills)
  4 hydras
  2 death yaks (Lair:4)
  Nergalle (Lair:4)
  2 oklob plants (Lair:8)
  A griffon (Lair:8)
  3 elephants (Lair:8)
  A black mamba (Lair:8)
  A spiny frog (Lair:8)
  9 blink frogs
  8 yaks (Lair:8)
  A hippogriff (Lair:8)
  A wolf (Lair:4)
  A crocodile (Lair:8)
  A water moccasin (Lair:4)
  2 spectral orcs (Lair:4)
  A hound (Lair:4)
  An adder (Lair:4)
  A lemure (Lair:1)
  A shadow imp (Lair:1)
  8 green rats
  2 giant geckos (Lair:4)
  A bat (Lair:4)
  A jackal (Lair:4)
  A fungus (Lair:8)
55 creatures vanquished.

Vanquished Creatures (others)
  An Executioner (Lair:4)
  A green death (Lair:4)
  A smoke demon (Lair:1)
  3 hellwings (Lair:1)
  A ynoxinul (Lair:1)
  A neqoxec (Lair:1)
  An iron imp (Lair:1)
  A shadow imp (Lair:1)
  2 giant spores
  2 plants
14 creatures vanquished.

Grand Total: 690 creatures vanquished

Notes
Turn   | Place    | Note
--------------------------------------------------------------
     0 | D:1      | MDvedh, the Deep Dwarf Fighter, began the quest for the Orb.
     0 | D:1      | Reached XP level 1. HP: 21/21 MP: 0/0
   366 | D:1      | Reached XP level 2. HP: 24/28 MP: 1/1
  1032 | D:2      | Reached XP level 3. HP: 26/34 MP: 2/2
  1098 | D:2      | Reached skill level 4 in Axes
  1398 | D:2      | Found a shimmering altar of Xom.
  1398 | D:2      | Found a shimmering altar of Xom.
  1398 | D:2      | Found a shimmering altar of Xom.
  1400 | D:2      | Found a shimmering altar of Xom.
  1401 | D:2      | Found a shimmering altar of Xom.
  1534 | D:3      | Noticed Ijyb
  1562 | D:2      | Killed Ijyb
  1562 | D:2      | Reached XP level 4. HP: 20/43 MP: 3/3
  1573 | D:3      | Reached skill level 5 in Axes
  1772 | D:3      | Noticed Grinder
  1795 | D:3      | Killed Grinder
  1795 | D:3      | Reached skill level 7 in Axes
  1795 | D:3      | Reached XP level 5. HP: 34/49 MP: 4/4
  1795 | D:3      | Reached XP level 6. HP: 38/56 MP: 5/5
  1853 | D:3      | Gained mutation: Your body is slowly deteriorating. [potion of mutation]
  1853 | D:3      | Gained mutation: Your muscles are strong. (Str +2) [potion of mutation]
  1853 | D:3      | Lost mutation: Your muscles are strong. (Str +2) [potion of mutation]
  1854 | D:3      | Gained mutation: You are partially covered in icy blue scales (AC +1). [potion of mutation]
  1854 | D:3      | Gained mutation: Your magical capacity is low (-10% MP). [potion of mutation]
  2424 | D:4      | Reached skill level 8 in Axes
  2484 | D:4      | Reached XP level 7. HP: 31/63 MP: 5/5
  2551 | D:4      | Noticed Deemzul's ghost (average OpMo)
  2563 | D:4      | Killed Deemzul's ghost
  2563 | D:4      | Reached skill level 9 in Axes
  2595 | D:4      | Found a sparkling altar of Nemelex Xobeh.
  3181 | D:5      | Entered Level 5 of the Dungeon
  3205 | D:5      | Gained mutation: You tend to lose your temper in combat. [potion of mutation]
  3205 | D:5      | Gained mutation: You are weak. (Str -2) [potion of mutation]
  3418 | D:5      | Reached skill level 10 in Axes
  3597 | D:5      | Found a basalt altar of Yredelemnul.
  3671 | D:5      | Found a glowing silver altar of Zin.
  3678 | D:5      | Reached XP level 8. HP: 42/70 MP: 6/6
  3852 | D:6      | Gained mutation: You have a somewhat thin skeletal structure (Dex +2, Stlth). [potion of mutation]
  3852 | D:6      | Gained mutation: You often lose your temper in combat. [potion of mutation]
  3852 | D:6      | Gained mutation: You are robust (+10% HP). [potion of mutation]
  3946 | D:6      | Found Craacwol's Antique Armour Emporium.
  4230 | D:6      | Noticed Sigmund
  4264 | D:6      | Killed Sigmund
  4264 | D:6      | Reached skill level 5 in Shields
  4789 | D:6      | Gained mutation: You passively map the area around you. [level up]
  4789 | D:6      | Reached XP level 9. HP: 73/83 MP: 7/7
  5096 | D:7      | Found Runor's Book Boutique.
  5274 | D:7      | Found Miyniym's Antique Armour Boutique.
  5276 | D:7      | Found Paoqef's Gadget Shoppe.
  5358 | D:7      | Bought a pair of faintly glowing gloves for 124 gold pieces
  5362 | D:7      | Identified the +2 pair of gloves "Quaceopp" {rElec rF++ Str+3} (You bought it in a shop on level 7 of the Dungeon)
  5390 | D:7      | Paralysed by a giant eyeball for 3 turns
  5438 | D:7      | Reached skill level 10 in Shields
  5714 | D:7      | Found Kiowir's Distillery.
  5719 | D:7      | Bought a potion of speed for 55 gold pieces
  5719 | D:7      | Bought a potion of mutation for 30 gold pieces
  5720 | D:7      | Gained mutation: You are somewhat resistant to further mutation. [potion of mutation]
  5900 | D:7      | Found a staircase to the Ecumenical Temple.
  5906 | Temple   | Entered the Ecumenical Temple
  5939 | Temple   | Became a worshipper of Makhleb the Destroyer
  6118 | D:8      | Noticed Duvessa
  6118 | D:8      | Noticed Dowan
  6161 | D:7      | Reached skill level 11 in Shields
  6310 | D:8      | Paralysed by a giant eyeball for 2 turns
  6340 | D:8      | Paralysed by a giant eyeball for 4 turns
  6364 | D:7      | Killed Duvessa
  6371 | D:7      | Killed Dowan
  6376 | D:7      | Acquired Makhleb's first power
  6388 | D:8      | Paralysed by a giant eyeball for 2 turns
  6396 | D:8      | Paralysed by a giant eyeball for 2 turns
  6403 | D:8      | Paralysed by a giant eyeball for 4 turns
  6490 | D:8      | Reached skill level 5 in Armour
  6546 | D:8      | Reached XP level 10. HP: 93/93 MP: 7/7
  6834 | D:9      | Found a staircase to the Lair.
  6911 | D:9      | Acquired Makhleb's second power
  7248 | D:9      | Acquired Makhleb's third power
  7365 | D:9      | Reached skill level 10 in Armour
  7535 | D:10     | Entered Level 10 of the Dungeon
  7677 | D:10     | Acquired Makhleb's fourth power
  7903 | D:10     | Reached XP level 11. HP: 31/100 MP: 8/8
  8303 | D:10     | Found a staircase to the Orcish Mines.
  8560 | D:11     | Noticed an ogre mage
  8593 | Lair:1   | Entered Level 1 of the Lair of Beasts
  8851 | Lair:1   | Reached skill level 12 in Armour
  9115 | Lair:1   | Noticed a five-headed hydra
  9547 | Lair:2   | Reached skill level 1 in Invocations
  9666 | Lair:2   | Found a labyrinth entrance.
  9696 | Lab      | Entered a labyrinth
  9810 | Lab      | Noticed a minotaur
  9825 | Lab      | Killed a minotaur
  9825 | Lab      | Reached skill level 5 in Invocations
  9977 | Lair:2   | Noticed a seven-headed hydra
  9984 | Lair:2   | Killed a seven-headed hydra
 10320 | Lair:3   | Acquired Makhleb's fifth power
 10658 | Lair:3   | Noticed a necromancer
 10680 | Lair:3   | Killed a necromancer
 10692 | Lair:3   | Reached skill level 10 in Invocations
 11167 | Lair:3   | Found a staircase to the Shoals.
 11339 | Lair:4   | Noticed a four-headed hydra
 11362 | Lair:3   | Reached XP level 12. HP: 85/107 MP: 20/20
 11450 | Lair:4   | Killed a five-headed hydra
 11476 | Lair:4   | Noticed Nergalle
 11483 | Lair:4   | Killed Nergalle
 11503 | Lair:4   | Noticed a death yak
 11504 | Lair:4   | Noticed a death yak
 11505 | Lair:4   | Noticed a death yak
 11508 | Lair:4   | Killed a death yak
 11509 | Lair:4   | Killed a death yak
 11537 | Lair:4   | Killed a death yak
 11608 | Lair:4   | Noticed a six-headed hydra
 11616 | Lair:4   | Killed a six-headed hydra
 11621 | Lair:4   | Reached skill level 5 in Fighting
 12372 | Lair:5   | Found a staircase to the Snake Pit.
 13464 | Lair:6   | Found a staircase to the Slime Pits.
 13534 | Lair:6   | Reached XP level 13. HP: 97/128 MP: 21/21
 14016 | Lair:6   | Paralysed by a potion of paralysis for 3 turns
 14935 | Lair:8   | Entered Level 8 of the Lair of Beasts
 15110 | Lair:8   | Reached skill level 13 in Axes
 15376 | Lair:8   | Reached skill level 14 in Axes
 15707 | Lair:8   | Lost intelligence.
 15719 | Lair:8   | Noticed a green death
 15720 | Lair:8   | Mangled by a giant leech

Action                   |  1- 3 |  4- 6 |  7- 9 | 10-12 | 13-15 || total
-------------------------+-------+-------+-------+-------+-------++-------
Melee: Hand axe          |   152 |   163 |   807 |       |       ||  1122
       War axe           |       |       |    25 |  1499 |   420 ||  1944
Invok: Lesser Servant of |       |       |       |    10 |       ||    10
       Major Destruction |       |       |       |     8 |       ||     8
       Minor Destruction |       |       |       |     2 |       ||     2
       Greater Servant o |       |       |       |     3 |     5 ||     8
 Abil: Device Recharging |       |       |     1 |     2 |       ||     3
Evoke: Wand              |       |     3 |    12 |     8 |     1 ||    24
  Use: Scroll            |       |     3 |    10 |    22 |     7 ||    42
       Potion            |       |     2 |    13 |     8 |     2 ||    25
 Stab: Invisible         |       |       |       |       |     6 ||     6
       Distracted        |       |       |       |       |     3 ||     3
